Map: Overgrowth LE (Void)

Players

Sleepycod

  • Race: Zerg Zerg
  • League: Platinum
  • Spawn Location: 1:00

yumeto - Winner!

  • Race: Terran Terran
  • League: Silver
  • Spawn Location: 7:00

VOD

Have the link to the VOD?

Description

Time

  • Played on: Jan. 19, 2017, 5:13 a.m.
  • Length: 13:27
Show
View Real Time Build Order
Export as new Build Order

Sleepycod Zerg 

Build Orders: Hatch First 

Get SALT Encoding   

  12  0:01  Drone  
  13  0:08  Drone  
  14  0:43  Extractor  
  14  0:44  Overlord  
  14  0:45  Hatchery  
  14  0:47  Drone  
  13  0:51  Drone  
  14  1:06  Drone  
  15  1:15  Drone  
  17  1:18  Drone  
  17  1:21  Spawning Pool  
  16  1:27  Drone  
  17  1:41  Drone  
  18  1:50  Drone  
  19  1:57  Drone  
  19  2:00  Drone  
  21  2:07  Queen  
  21  2:08  Queen  
  25  2:13  Metabolic Boost  
  25  2:32  Zergling x4  
  25  2:33  Zergling x2  
  25  2:34  Overlord x2  
  28  2:53  Drone x3  
  28  2:55  Drone x2  
  33  3:00  Baneling Nest  
  32  3:06  Drone  
  32  3:07  Roach Warren  
  32  3:19  Drone x4  
  36  3:33  Burrow  
  36  3:50  Hatchery  
  33  4:02  Evolution Chamber  
  31  4:04  Evolution Chamber, Spine Crawler  
  31  4:05  Spine Crawler  
  30  4:10  Roach x4  
  30  4:12  Overlord  
  30  4:15  Overlord  
  36  4:32  Drone x3  
  36  4:33  Drone x4  
  43  4:43  Pneumatized Carapace  
  43  4:44  Drone  
  43  4:45  Drone  
  45  4:50  Lair  
  45  4:54  Drone x2  
  45  4:59  Spore Crawler  
  46  5:04  Spine Crawler  
  46  5:05  Drone  
  46  5:06  Drone  
  47  5:08  Drone  
  48  5:15  Drone  
  49  5:24  Extractor x2  
  49  5:25  Roach  
  49  5:26  Roach x3  
  55  5:37  Roach  
  55  5:39  Overlord  
  51  6:11  Extractor  
  50  6:13  Spine Crawler  
  50  6:15  Spine Crawler  
  50  6:18  Roach  
  50  6:19  Roach x5  
  50  6:20  Overlord  
  50  6:21  Overlord  
  60  6:40  Roach  
  60  6:41  Roach x3  
  60  6:43  Overlord  
  60  6:44  Overlord x2  
  68  6:54  Hatchery  
  67  7:11  Hydralisk Den  
  67  7:13  Ravager x2  
  67  7:14  Ravager  
  69  7:16  Ravager  
  69  7:22  Ravager  
  71  7:30  Ravager  
  71  7:32  Zergling x2  
  71  7:33  Zergling x22  
  84  7:39  Roach x3  
  84  7:40  Roach  
  80  8:25  Roach  
  80  8:26  Roach x8  
  98  8:29  Glial Reconstitution  
  98  8:32  Zerg Missile Weapons Level 1  
  98  8:33  Zerg Melee Weapons Level 1  
  52  9:07  Roach x2  
  52  9:08  Roach x7  
  52  9:09  Roach  
  72  9:36  Hatchery  
  71  9:49  Roach  
  71  9:50  Roach x4  
  71  9:51  Roach  
  83  9:55  Ravager  
  83  9:56  Ravager x2  
  83  9:57  Ravager  
  83  9:59  Ravager  
  88  10:00  Ravager  
  88  10:01  Ravager  
  90  10:08  Overlord  
  90  10:13  Overlord  
  90  10:19  Overlord  
  78  10:54  Hydralisk  
  78  10:55  Hydralisk x5  
  90  11:07  Zergling x6  
  90  11:08  Zergling x2  
  94  11:16  Lurker Den  
  92  11:29  Spore Crawler  
  92  11:31  Spore Crawler  
  81  11:50  Ravager  
  81  11:51  Ravager x9  
  31  12:30  Roach  
  31  12:31  Roach x9  
  31  12:34  Roach  
  53  12:41  Zergling x4  
  55  12:55  Ravager  
  55  12:56  Ravager x4  
Show
View Real Time Build Order
Export as new Build Order

yumeto Terran - Winner!

Build Orders: Mech 

Get SALT Encoding   

  12  0:01  SCV  
  13  0:13  SCV  
  14  0:17  Supply Depot  
  14  0:25  SCV  
  14  0:27  Refinery  
  15  0:39  SCV  
  16  0:45  Barracks  
  16  0:51  SCV  
  17  1:03  SCV  
  18  1:15  SCV  
  19  1:32  Marine, Orbital Command  
  20  1:47  Command Center  
  20  1:57  SCV  
  21  2:04  Barracks Reactor  
  21  2:06  Factory  
  21  2:14  Supply Depot  
  21  2:23  SCV  
  22  2:30  Refinery  
  22  2:35  SCV  
  24  2:56  SCV  
  24  2:59  Hellion x2  
  24  3:02  Barracks Reactor, Orbital Command  
  28  3:16  Factory  
  28  3:20  Hellion  
  30  3:27  Hellion  
  30  3:31  Orbital Command  
  32  3:40  Armory  
  32  3:45  Hellion  
  34  3:58  SCV  
  34  3:59  SCV  
  36  4:10  Hellion  
  36  4:11  Hellion, SCV x2  
  36  4:12  Cyclone  
  45  4:19  Supply Depot  
  45  4:22  Cyclone  
  45  4:23  SCV x2  
  50  4:25  Supply Depot  
  50  4:32  Cyclone  
  50  4:35  SCV  
  54  4:40  SCV  
  54  4:44  Supply Depot  
  55  4:47  SCV  
  57  4:52  SCV  
  57  4:55  Cyclone  
  57  4:58  Hellion  
  57  4:59  SCV  
  63  5:04  Hellion  
  63  5:05  SCV  
  66  5:07  Hellion  
  66  5:11  SCV  
  66  5:12  Supply Depot  
  69  5:24  Hellion  
  69  5:25  Cyclone  
  69  5:27  Cyclone  
  75  5:52  Factory  
  75  5:55  Starport  
  71  5:59  Command Center  
  71  6:00  Cyclone  
  71  6:01  Hellion x2  
  78  6:07  Refinery x2  
  78  6:08  Supply Depot  
  78  6:10  Supply Depot  
  78  6:17  Engineering Bay  
  78  6:36  Hellion x2, Cyclone  
  85  6:46  Factory Tech Lab  
  85  6:47  Starport Reactor  
  85  7:00  Missile Turret  
  85  7:04  Missile Turret  
  85  7:07  Hellion, Cyclone x2  
  93  7:17  Supply Depot  
  93  7:22  Missile Turret  
  93  7:29  SCV x2  
  96  7:32  Orbital Command  
  96  7:35  Missile Turret  
  95  7:40  Widow Mine  
  95  7:41  SCV x2  
  99  7:46  Siege Tank  
  102  7:52  Terran Vehicle Weapons Level 1  
  102  7:53  SCV  
  102  7:57  Armory  
  83  8:13  Cyclone x2  
  83  8:18  Siege Tank  
  92  8:25  SCV x3  
  92  8:27  Liberator  
  95  8:37  SCV x3  
  95  8:41  Cyclone x2  
  102  8:49  SCV x2  
  87  9:05  SCV x3  
  87  9:08  Refinery  
  87  9:09  Refinery, Terran Vehicle And Ship Armor Level 1  
  90  9:17  SCV  
  91  9:20  Cyclone  
  91  9:21  Cyclone  
  91  9:23  Siege Tank, Command Center  
  100  9:27  Liberator  
  100  9:29  SCV x3  
  103  9:41  SCV x2  
  108  9:58  Cyclone x3  
  117  10:01  Siege Tank  
  120  10:12  Terran Vehicle Weapons Level 2  
  120  10:29  Refinery  
  120  10:31  Missile Turret  
  120  10:32  Refinery  
  120  10:33  Siege Tank  
  117  10:43  Planetary Fortress  
  117  11:05  Siege Tank  
  117  11:10  Liberator x2  
  119  11:23  Cyclone x2  
  131  11:37  Siege Tank  
  134  11:41  Cyclone x2  
  140  11:55  Cyclone  
  143  12:09  Factory  
  143  12:10  Siege Tank  
  143  12:11  Factory  
  143  12:14  SCV x2  
  148  12:19  Liberator  
  148  12:20  Liberator  
  99  12:31  Cyclone x2  
  99  12:32  Cyclone x2  
  114  12:42  Siege Tank  
  114  12:44  Supply Depot  
  120  12:45  Supply Depot  
  120  12:57  Factory Tech Lab  
  123  13:01  Factory Tech Lab  
Tags
 
Composition
Mech
Matchup
TvZ
Spawn Locations
Cross Positions
Add a new tag
Caveats
  • Supply blocks, unpowered buildings, or Contaminate may cause inaccurate times.
  • Supply counts are checked every 10 seconds.